 Dungeon Crawl Stone Soup version 0.28.0 (webtiles) character file.

Game seed: 10462660310381165082

86 Akaron the Digger (level 4, -4/27 HPs)
             Began as an Octopode Earth Elementalist on Feb 6, 2022.
             Slain by an orc warrior (12 damage)
             ... on level 3 of the Dungeon.
             The game lasted 00:06:57 (3256 turns).

Akaron the Digger (Octopode Earth Elementalist)     Turns: 3256, Time: 00:06:58

Health: -4/27      AC:  1    Str:  7    XL:     4   Next: 49%
Magic:  7/8        EV: 13    Int: 19    God:
Gold:   157        SH:  5    Dex: 12    Spells: 2/8 levels left

rFire   . . .      SeeInvis .   k - +2 dagger (drain)
rCold   . . .      Faith    .   (no shield)
rNeg    + . .      Spirit   .   (helmet restricted)
rPois   .          Reflect  +   c - amulet of reflection
rElec   .          Harm     .   a - ring of positive energy
rCorr   .          Rampage  .   (no ring)
Will    .....                   (no ring)
Stlth   +++.......              (no ring)
HPRegen 0.09/turn               (no ring)
MPRegen 0.11/turn               (no ring)
                                (no ring)
                                (no ring)

@: no status effects
A: almost no armour, amphibious, 8 rings, camouflage 1, gelatinous body 1,
(nimble swimmer 1), tentacles
a: no special abilities


You were on level 3 of the Dungeon.
You visited 1 branch of the dungeon, and saw 4 of its levels.

You collected 157 gold pieces.

Inventory:

Hand Weapons
 k - a +2 dagger of draining (weapon)
Missiles
 b - 3 stones
 m - 9 poisoned darts
Jewellery
 a - a ring of positive energy (left tentacle)
 c - an amulet of reflection (around mantle)
 d - an amulet of faith
 j - a ring of protection from fire
Scrolls
 f - 3 scrolls of identify {unknown}
 g - 2 scrolls of enchant armour {unknown}
 l - a scroll of blinking {unknown}
 p - a scroll of enchant weapon {unknown}
 q - a scroll of noise {unknown}
Potions
 e - a potion of lignification {unknown}
 h - a potion of mutation {unknown}
 i - a potion of haste {unknown}
 n - a potion of degeneration {unknown}
 o - a potion of curing {unknown}
 r - a potion of attraction {unknown}


   Skills:
 + Level 2.2 Dodging
 - Level 2.6 Stealth
 + Level 0.2 Shields
 + Level 2.8 Spellcasting
 * Level 1.5 Conjurations
 + Level 1.0 Transmutations
 + Level 3.9 Earth Magic


You had 2 spell levels left.
You knew the following spells:

 Your Spells              Type           Power      Damage    Failure   Level
a - Sandblast             Erth           34%        2d9       3%          1
b - Passwall              Tmut/Erth      10%        N/A       9%          2
c - Stone Arrow           Conj/Erth      26%        3d8       16%         3

Your spell library contained the following spells:

 Spells                   Type           Power      Damage    Failure   Level
 Petrify                  Tmut/Erth      12%        N/A       50%         4


Dungeon Overview and Level Annotations

Branches:
Dungeon (4/15)
 Temple: D:4-7

Altars:
Trog


Innate Abilities, Weirdness & Mutations

You cannot wear most types of armour.
You are amphibious.
You can wear up to eight rings at the same time.
Your skin changes colour to match your surroundings (Stealth+).
Your rubbery body absorbs attacks. (AC +1, EV +1)
((You are camouflaged when in or above water. (Stealth+)))
You have tentacles for arms and can constrict up to eight enemies at once.


Message History

Confirm with . or Enter, or press ? or * to list all spells.
Aiming: Sandblast (safe; 3% risk of failure)
Press: ? - help, Shift-Dir - straight line, f/p - orc
Aim: an orc, wielding a +0 short sword and wearing a +0 leather armour (heavily wounded, 79% to hit)
The blast of sand hits the orc.
The orc is almost dead.
The orc hits you with a +0 short sword.
* * * LOW HITPOINT WARNING * * *
Casting: Sandblast (safe; 3% risk of failure)
Confirm with . or Enter, or press ? or * to list all spells.
Aiming: Sandblast (safe; 3% risk of failure)
Press: ? - help, Shift-Dir - straight line, f/p - orc
Aim: an orc, wielding a +0 short sword and wearing a +0 leather armour (severely wounded, 79% to hit)
The blast of sand hits the orc!
You kill the orc!
You start resting.
Magic restored.
You start resting.
HP restored.
You climb downwards.
You hear the sound of rushing water.
There is an entrance to a sewer on this level.
Hurry and find it before the portal rusts away!
You hear the brisk rusting of a very distant drain.
The orc warrior hits you with a +0 war axe.
You block the orc warrior's attack.
There is a stone staircase leading up here.
You see here a +0 club.
The orc warrior hits you with a +0 war axe!
Ouch! That really hurt!
* * * LOW HITPOINT WARNING * * *
You climb upwards.
There is a stone staircase leading down, spattered with blood here.
Casting: Sandblast (safe; 3% risk of failure)
Confirm with . or Enter, or press ? or * to list all spells.
Aiming: Sandblast (safe; 3% risk of failure)
Press: ? - help, Shift-Dir - straight line, f - orc warrior
Aim: an orc warrior, wielding a +0 war axe and wearing a +0 chain mail (77% to hit)
The blast of sand hits the orc warrior but does no damage.
The orc warrior hits you with a +0 war axe!
You die...

########.##.##...###.### #.#
.......................# #.#
########.##.##...###.### ####.#
....# #.##.##...#.#.#######<##.#
###.####.....................##.#
.............................)...
###.####.##.##.#.#.#########.##.#
#.# #.##.##.#.#.# #.# #.##.#
#.####........@#.# #.# #.##.#
###.##..........?o.###.#####.##.#
................................#
###..#....####.#...###.#####.##.#
#..###..# #.#...# #.#####.##.#
##..###..# #.#...# #...........
##........####.#...###.#####.####
........................# #.#
.....###.......###.###### #.#


You could see an orc warrior.

Vanquished Creatures
  Robin (D:2)
  A worm (D:2)
  An orc (D:3)
  4 ball pythons (D:1)
  5 bats
  5 endoplasms
  2 giant cockroaches (D:1)
  5 hobgoblins
  3 jackals (D:1)
  12 kobolds
  2 quokkas (D:1)
  4 frilled lizards
  12 goblins
  7 rats
64 creatures vanquished.

Vanquished Creatures (others)
  A plant (D:4)
1 creature vanquished.

Grand Total: 65 creatures vanquished

Notes
Turn   | Place    | Note
-------+----------+-------------------------------------------
     0 | D:1      | Akaron the Octopode Earth Elementalist began the quest for
                  | the Orb.
     0 | D:1      | Reached XP level 1. HP: 11/11 MP: 3/3
   136 | D:1      | Reached XP level 2. HP: 17/17 MP: 3/5
   454 | D:1      | Reached skill level 1 in Conjurations
   622 | D:1      | Found a faded altar of an unknown god.
   625 | D:1      | Reached XP level 3. HP: 21/21 MP: 4/6
  1042 | D:2      | Learned a level 2 spell: Passwall
  1046 | D:2      | Learned a level 3 spell: Stone Arrow
  1198 | D:2      | Noticed Robin
  1618 | D:2      | Killed Robin
  1619 | D:2      | Reached XP level 4. HP: 25/27 MP: 2/7
  1889 | D:3      | Found a bloodstained altar of Trog.
  2996 | D:4      | Noticed an orc warrior
  3256 | D:3      | Slain by an orc warrior

Illustrated notes

Levels and vault maps discovered:
D:1:      dpeg_arrival_ratfight, layout_loops_ring,
          hellmonk_ecumenical_altar_prayer_group, chequers_serial_rivers_marsh
D:2:      layout_rooms, uniq_robin
D:3:      layout_basic, trog_book, glass_columns_a, minmay_misc_feat_pillars
D:4:      layout_cave_pools, nicolae_qazlal_scattered_showers,
          portal_sewer_entry_b, serial_bayou_ford_a, saegor_snake_ambush

Skill      XL: |  1  2 |
---------------+-------+-----
Conjurations   | 1 |  1.5
Dodging        | |  2.2
Stealth        | |  2.6
Shields        | |  0.2
Spellcasting   | |  2.8
Transmutations | |  1.0
Earth Magic    | |  3.9

Action                   |  1- 3 |  4- 6 || total
-------------------------+-------+-------++-------
Melee: Unarmed           |     8 |       ||     8
       Constrict         |     2 |       ||     2
       Tentacles         |     2 |       ||     2
 Cast: Sandblast         |    55 |    30 ||    85
       Passwall          |     1 |       ||     1
Armor: Skin              |     4 |       ||     4
Dodge: Dodged            |    25 |     6 ||    31
Block: Other             |     7 |     1 ||     8
       Reflection        |     1 |       ||     1
